AoeStats
← WiSeMaN

Black Forest

510279929Analyzed
4v4 RM · 5h ago on Sep 30, 2026· 42m 49s· 8 players
Game mode
Random Map
Map size
Large (8 player)
Population
200
Speed
Normal
Resources
Standard
Victory
Conquest
Starting age
Dark Age
Ending age
Imperial Age
RankedLock teamsTeams togetherTeam positionsShared explorationLock speedFull tech treeHidden civsTurbo modeCheats
Victory
Defeat
🇹🇼 Persians · Taiwan
1382
+16
🇮🇳 Sicilians · India
1341
+18
🇵🇱 Bohemians · Poland
1316
+19
🇮🇳 Turks · India
1261
+21
🇭🇰 Chinese · Hong Kong SAR China
1439
-22
🇨🇳 Saracens · China
1412
-20
🇩🇪 Saxons · Germany
1377
-18
🇹🇭 Berbers · Thailand
1275
-14
snek_fan
0:43 Loom
12:35 Feudal Age
16:36 Castle Age
15:37 Double-Bit Axe
16:02 Horse Collar
23:22 Wheelbarrow
22:37 Town Watch
24:27 Hand Cart
25:00 Heavy Plow
25:12 Bow Saw
26:15 Masonry
27:27 Gold Mining
28:56 Fletching
31:49 Imperial Age
29:35 Squires
29:20 Arson
29:36 Scale Mail Armor
29:47 Forging
29:41 Stone Mining
31:00 Town Patrol
31:18 Chain Mail Armor
30:58 Bodkin Arrow
32:35 Iron Casting
32:56 First Crusade
32:15 Elite Serjeant
33:55 Plate Mail Armor
36:19 Blast Furnace
35:15 Bodkin Arrow
36:23 Caravan
37:06 Hoardings
36:52 Conscription
38:48 Sanctity
37:56 Onager
39:04 Capped Ram
40:13 Siege Ram
42:57 Bracer
mama_adisona
10:56 Feudal Age
14:32 Castle Age
12:24 Double-Bit Axe
14:14 Wheelbarrow
15:39 Bow Saw
18:08 Fervor
19:13 Horse Collar
19:32 Loom
20:39 Sanctity
22:33 Hand Cart
27:31 Imperial Age
25:16 Town Watch
26:01 Ballistics
25:54 Masonry
26:07 Heavy Plow
27:52 Scale Mail Armor
27:43 Fletching
28:04 Forging
28:58 Chemistry
28:53 Siege Engineers
29:12 Wagenburg Tactics
29:30 Conscription
29:28 Pikeman
30:08 Squires
30:29 Chain Mail Armor
30:44 Houfnice
31:38 Bodkin Arrow
32:06 Halberdier
34:52 Plate Mail Armor
34:57 Iron Casting
36:01 Bracer
35:43 Elite Hussite Wagon
37:37 Two-Man Saw
36:41 Caravan
40:06 Blast Furnace
39:08 Padded Archer Armor
chengaopeng044
0:52 Loom
0:52 Loom
11:54 Feudal Age
12:42 Double-Bit Axe
15:24 Castle Age
14:56 Bloodlines
15:12 Scale Barding Armor
19:42 Forging
22:40 Wheelbarrow
24:41 Gold Mining
28:29 Bow Saw
28:02 Horse Collar
29:16 Chain Barding Armor
33:21 Town Watch
33:29 Stone Mining
36:06 Iron Casting
37:48 Heavy Plow
38:23 Husbandry
40:53 Gold Shaft Mining
42:23 Hand Cart
42:43 Fletching
42:53 Padded Archer Armor
ayushdy2004
11:00 Feudal Age
15:17 Castle Age
13:44 Double-Bit Axe
17:11 Bow Saw
23:56 Horse Collar
25:14 Wheelbarrow
25:20 Stone Mining
25:22 Gold Mining
25:38 Heavy Plow
26:56 Hand Cart
27:25 Gold Shaft Mining
27:06 Padded Archer Armor
28:41 Leather Archer Armor
28:20 Town Watch
28:59 Treadmill Crane
31:50 Imperial Age
29:43 Town Patrol
30:41 Fletching
30:57 Scale Barding Armor
33:13 Ring Archer Armor
33:31 Ballistics
33:31 Bombard Tower
34:25 Artillery
35:52 Husbandry
36:02 Bloodlines
36:14 Chain Barding Armor
36:04 Forging
36:39 Masonry
36:25 Murder Holes
38:10 Conscription
38:28 Hoardings
38:31 Architecture
39:28 Plate Barding Armor
39:29 Iron Casting
41:14 Caravan
WiSeMaN
7:27 Loom
12:49 Feudal Age
16:53 Castle Age
14:50 Double-Bit Axe
15:30 Horse Collar
15:43 Gold Mining
18:25 Bow Saw
20:56 Fervor
24:26 Wheelbarrow
24:07 Stone Mining
24:28 Town Watch
25:38 Heavy Plow
27:11 Stone Shaft Mining
27:13 Gold Shaft Mining
31:11 Imperial Age
28:48 Scale Barding Armor
28:54 Forging
29:12 Husbandry
29:22 Bloodlines
30:14 Chain Barding Armor
29:39 Treadmill Crane
31:15 Iron Casting
31:15 Heavy Camel Rider
32:54 Plate Barding Armor
32:49 Hand Cart
33:05 Town Patrol
34:24 Blast Furnace
36:38 Padded Archer Armor
36:29 Fletching
37:07 Conscription
36:49 Maghrebi Camels
37:41 Caravan
37:52 Guilds
37:58 Elite Camel Archer
39:10 Leather Archer Armor
38:51 Bodkin Arrow
39:19 Ballistics
39:59 Chemistry
38:35 Light Cavalry
39:17 Hussar
40:29 Ring Archer Armor
40:09 Kasbah
41:01 Bracer
zensuuur
10:04 Feudal Age
14:05 Castle Age
11:59 Double-Bit Axe
12:43 Horse Collar
15:08 Bow Saw
22:29 Pikeman
24:33 Squires
24:35 Scale Mail Armor
24:45 Forging
25:18 Heavy Plow
27:43 Wheelbarrow
27:35 Chain Mail Armor
31:03 Imperial Age
28:20 Loom
29:20 Iron Casting
29:22 Arson
30:06 Gold Mining
30:07 Stone Mining
31:27 Hand Cart
32:14 Conscription
32:25 Plate Mail Armor
31:20 Elite Varangian Guard
36:01 Halberdier
38:08 Onager
41:33 Fletching
帝国吕布
9:18 Loom
11:30 Feudal Age
13:29 Double-Bit Axe
13:28 Horse Collar
15:49 Castle Age
14:18 Gold Mining
15:17 Fletching
16:40 Bow Saw
20:43 Ballistics
21:41 Wheelbarrow
22:12 Heavy Plow
27:22 Imperial Age
24:47 Crossbowman
26:02 Bodkin Arrow
27:23 Arbalester
29:45 Chemistry
29:38 Gold Shaft Mining
30:08 Bracer
32:56 Thumb Ring
32:53 Padded Archer Armor
34:54 Hand Cart
jardan1234
0:29 Loom
10:50 Feudal Age
11:16 Double-Bit Axe
16:42 Castle Age
15:28 Gold Mining
16:20 Fletching
17:18 Padded Archer Armor
17:27 Crossbowman
18:41 Horse Collar
25:50 Bodkin Arrow
Connection lost

Rejoining the realm…

Still unreachable

The connection could not be restored.

Session expired

The server has moved on; the page needs a fresh start.